 Dungeon Crawl Stone Soup version 0.23.1 (webtiles) character file.

Game seed: 13864989263113608504

19 redwoodhats the Chiller (level 2, -4/19 HPs)
             Began as a Demonspawn Ice Elementalist on Mar 8, 2019.
             Slain by a gnoll
             ... wielding a +0 spear
              (7 damage)
             ... on level 1 of the Dungeon.
             The game lasted 00:03:46 (556 turns).

redwoodhats the Chiller (DsIE)                       Turns: 556, Time: 00:03:46

Health: -4/19      AC:  4    Str:  8    XL:     2   Next: 55%
Magic:  5/5        EV: 12    Int: 16    God:
Gold:   0          SH:  0    Dex: 13    Spells: 4/5 levels left

rFire    . . .     SeeInvis .   j - +0 hunting sling (freeze)
rCold    . . .     Gourm    .   (no shield)
rNeg     . . .     Faith    .   a - +0 robe
rPois    .         Spirit   .   (no helmet)
rElec    .         Reflect  .   (no cloak)
rCorr    .         Harm     .   (no gloves)
MR       .....                  (no boots)
Stlth    ++........             (no amulet)
HPRegen  0.06/turn              (no ring)
MPRegen  0.09/turn              (no ring)

@: no status effects
A: icy blue scales 1
a: no special abilities


You were on level 1 of the Dungeon.
You were not hungry.

You visited 1 branch of the dungeon, and saw 1 of its levels.

Inventory:

Hand Weapons
 e - a +0 club
 g - a +0 dagger
 i - a +0 hunting sling
 j - a +0 hunting sling of freezing (weapon)
Missiles
 d - 32 sling bullets (quivered)
 f - 17 arrows
Armour
 a - a +0 robe (worn)
Scrolls
 h - a scroll of enchant weapon {unknown}
Potions
 b - a potion of agility {unknown}
Comestibles
 c - 2 rations


   Skills:
 + Level 1.9 Dodging
 + Level 1.8 Stealth
 + Level 2.3 Spellcasting
   Level 1.0 Conjurations
 + Level 3.2 Ice Magic


You had 4 spell levels left.
You knew the following spells:

 Your Spells              Type           Power        Failure   Level  Hunger
a - Freeze                Ice            ##..         5%          1    #......

Your spell library contained the following spells:

 Spells                   Type           Power        Failure   Level  Hunger
 Throw Frost              Conj/Ice       #.....       13%         2    ###....
 Ozocubu's Armour         Chrm/Ice       #.......     30%         3    ###....
 Throw Icicle             Conj/Ice       #.......     63%         4    #####..
 Summon Ice Beast         Ice/Summ       #.......     71%         4    #####..


Dungeon Overview and Level Annotations

Branches:
Dungeon (1/15)

Altars:


Innate Abilities, Weirdness & Mutations

You are partially covered in icy blue scales. (AC +2)


Message History

The sling bullet closely misses the gnoll.
The gnoll hits you from afar with a +0 spear.
Firing (i - inventory)
d - 34 sling bullets (quivered)
Press: ? - help, Shift-Dir - straight line, f/p - gnoll
Aim: a gnoll, wielding a +0 spear (severely wounded)
You shoot a sling bullet.
The sling bullet barely misses the gnoll.
The gnoll hits you but does no damage.
The gnoll hits you from afar with a +0 spear!
* * * LOW HITPOINT WARNING * * *
Firing (i - inventory)
d - 33 sling bullets (quivered)
Press: ? - help, Shift-Dir - straight line, f/p - gnoll
Aim: a gnoll, wielding a +0 spear (severely wounded)
You shoot a sling bullet.
The sling bullet completely misses the gnoll.
You hear an angry hiss.
The gnoll hits you but does no damage.
You see here a scroll labeled JISHRA QILECZO EMU.
The gnoll hits you with a +0 spear!
You die...

#.# #............
....# #..........#+
#.#.# ##..........+
#.#.# #...........#
#. #.#####.....+ #.
#.#(#"#.....# #.
##.((.l#.....+
#.####l.#?#.#.....#
#..@gl..### #.....#
#.####............#
#. ##############
#. #. #. #. #.


You could see a gnoll, a leopard gecko and a frilled lizard.

Vanquished Creatures
  A leopard gecko (D:1)
  3 goblins (D:1)
  5 hobgoblins (D:1)
  A kobold (D:1)
  A ball python (D:1)
  3 bats (D:1)
  2 frilled lizards (D:1)
  A rat (D:1)
17 creatures vanquished.

Notes
Turn   | Place    | Note
-------+----------+-------------------------------------------
     0 | D:1      | redwoodhats the Demonspawn Ice Elementalist began the quest
                  | for the Orb.
     0 | D:1      | Reached XP level 1. HP: 13/13 MP: 3/3
    85 | D:1      | Reached skill level 3 in Ice Magic
   270 | D:1      | Gained mutation: You are partially covered in icy blue
                  | scales. (AC +2) [demonic ancestry]
   270 | D:1      | Reached XP level 2. HP: 19/19 MP: 3/5
   556 | D:1      | Slain by a gnoll

Skill      XL: |  1 |
---------------+----+-----
Ice Magic      | 3 |  3.2
Dodging        | |  1.9
Stealth        | |  1.8
Spellcasting   | |  2.3
Conjurations   | |  1.0

Action                   || total
-------------------------++-------
Melee: Club              ||     9
       Dagger            ||    10
 Fire: Hunting sling     ||    18
 Cast: Freeze            ||    18
Armor: Robe              ||    11
Dodge: Dodged            ||    37
